 Dungeon Crawl Stone Soup version 0.30-a0-1160-g6e42c06551 (webtiles) character file.

Game seed: 6086588139864285419

2 xian the Shooter (level 1, -1/12 HPs)
             Began as a Tengu Hexslinger on Apr 27, 2023.
             Frozen to death by an endoplasm (3 damage)
             ... on level 1 of the Dungeon.
             The game lasted 00:00:15 (57 turns).

xian the Shooter (Tengu Hexslinger)                   Turns: 57, Time: 00:00:15

Health: -1/12      AC:  2    Str: 10    XL:     1   Next: 30%
Magic:  3/3        EV: 12    Int: 13    God:
Gold:   0          SH:  0    Dex: 14    Spells: 1/2 levels left

rFire   . . .        a - +1 sling
rCold   . . .        (no shield)
rNeg    . . .        c - +0 robe
rPois   .            (helmet restricted)
rElec   .            (no cloak)
rCorr   .            (no gloves)
SInv    .            (boots unavailable)
Will    .....        (no amulet)
Stlth   +            (no ring)
HPRegen 0.22/turn    (no ring)
MPRegen 0.08/turn

%: no passive effects
@: no status effects
A: beak, talons 3
a: no special abilities


You were on level 1 of the Dungeon.
You visited 1 branch of the dungeon, and saw 1 of its levels.

Inventory:

Hand Weapons
 a - a +1 sling (weapon)
Armour
 c - a +0 robe (worn)
Scrolls
 b - a scroll of poison


   Skills:
 + Level 1.0 Fighting
 + Level 2.3 Ranged Weapons
 + Level 2.2 Dodging
 + Level 1.0 Spellcasting
 + Level 2.2 Hexes


You had one spell level left.
You knew the following spells:

 Your Spells              Type           Power      Damage    Failure   Level
a - Slow                  Hex            24%        N/A       12%         1

Your spell library contained the following spells:

 Spells                   Type           Power      Damage    Failure   Level
 Inner Flame              Hex/Fire       3%         N/A       47%         3
 Portal Projectile        Hex/Tloc       6%         N/A       47%         3
 Cause Fear               Hex            3%         N/A       75%         4


Dungeon Overview and Level Annotations

Branches:
Dungeon (1/15)

Altars:


Innate Abilities, Weirdness & Mutations

You have a beak for a mouth.
You have claws for feet.


Message History

The sling bullet barely misses the goblin.
You shoot a sling bullet. The sling bullet hits the goblin.
You kill the goblin!
A rat comes into view.
You shoot a sling bullet. The sling bullet barely misses the rat.
You shoot a sling bullet. The sling bullet hits the rat!
You kill the rat!
No target in view!
No target in view!
Magic restored. 2 goblins come into view.
Found 8 gold pieces.
Found a stone staircase leading down.
The goblin shouts!
You shoot a sling bullet.
The sling bullet closely misses the goblin.
You shoot a sling bullet.
The sling bullet completely misses the goblin.
An endoplasm comes into view.
You shoot a sling bullet.
The sling bullet barely misses the endoplasm.
The endoplasm freezes you.
You are frozen.
You shoot a sling bullet. The sling bullet hits the endoplasm.
The endoplasm is moderately wounded.
The endoplasm closely misses you.
You shoot a sling bullet. The sling bullet hits the endoplasm.
The endoplasm is heavily wounded.
The goblin hits you with a +0 dagger. The goblin completely misses you.
The endoplasm hits you. The endoplasm attacks as you move away!
The endoplasm barely misses you.
You shoot a sling bullet.
The sling bullet barely misses the endoplasm.
The sling bullet closely misses the goblin.
The sling bullet barely misses the goblin.
The endoplasm freezes you.
You are frozen.
* * * LOW HITPOINT WARNING * * *
The endoplasm freezes you.
You are frozen.
You die...

#>.#. ###....
....... .......
....... .......
.......#######...
...$..ggJ@.....#
.....).##'###+##
......$##÷###.##
.......#..÷>...#
###+##.#÷..#÷÷.#
#.#...#÷÷.#
#.#÷÷÷#...#
#.#.÷..÷..#
#..÷<.÷÷#


You could see an endoplasm and 2 goblins.

Vanquished Creatures
  A goblin (D:1)
  A rat (D:1)
2 creatures vanquished.

Notes
Turn   | Place    | Note
-------+----------+-------------------------------------------
     0 | D:1      | xian the Tengu Hexslinger began the quest for the Orb.
     0 | D:1      | Reached XP level 1. HP: 12/12 MP: 3/3
    57 | D:1      | Frozen to death by an endoplasm

Illustrated notes

Levels and vault maps discovered:
D:1:      heliophobic_arrival_battle_scene, layout_basic

Action                     || total
---------------------------++-------
   Fire: Sling             ||    10
   Cast: Slow              ||     3
  Dodge: Dodged            ||     3

Table legend: (Time is in decaauts)
 A = Elapsed time spent in this place.
 B = Non-inter-level travel time spent in this place.
 C = Inter-level travel time spent in this place.
 D = Time resting spent in this place.
 E = Time spent auto-exploring this place.
 F = Levels seen in this place.
 G = Mean time per level.
                   A        B        C        D        E       F      G
               +--------+--------+--------+--------+--------+-----+--------+
         Total |     59 |     59 |      0 |      0 |     40 |   1 |   59.0 |
       Dungeon |     59 |     59 |      0 |      0 |     40 |   1 |   59.0 |
               +--------+--------+--------+--------+--------+-----+--------+

Top non-repeatable levels by time:
     D:1: 59 daAuts
